 Dungeon Crawl Stone Soup version 0.28-a0-1213-g0243856f03 (webtiles) character file.

Game seed: 14862737949260332587

13196 SalaconXD the Fighter (level 11, -6/101 HPs)
             Began as a Minotaur Monk on Dec 21, 2021.
             Was a Priest of Makhleb.
             Mangled by an orc warrior (18 damage)
             ... on level 9 of the Dungeon.
             The game lasted 01:48:36 (13870 turns).

SalaconXD the Fighter (Minotaur Monk)              Turns: 13870, Time: 01:48:37

Health: -6/101     AC: 11    Str: 20    XL:     11   Next: 72%
Magic:  15/15      EV: 16    Int:  7    God:    Makhleb [***...]
Gold:   263        SH: 10    Dex: 13    Spells: 9/10 levels left

rFire   + . .      SeeInvis +   i - +3 spear (flame)
rCold   . . .      Faith    +   S - +0 kite shield
rNeg    . . .      Spirit   .   s - +2 ring mail {rF+}
rPois   .          Reflect  .   (helmet restricted)
rElec   .          Harm     .   w - +0 cloak
rCorr   .          Rampage  .   (no gloves)
Will    .....                   L - +0 pair of boots
Stlth   ++........              k - amulet of faith
HPRegen 0.26/turn               c - ring of see invisible
MPRegen 0.14/turn               I - +4 ring of evasion

@: no status effects
A: horns 2, retaliatory headbutt
a: Renounce Religion, Minor Destruction, Lesser Servant of Makhleb


You were on level 9 of the Dungeon.
You worshipped Makhleb.
Makhleb was most pleased with you.
You visited 1 branch of the dungeon, and saw 9 of its levels.

You collected 522 gold pieces.
You spent 259 gold pieces at shops.

Inventory:

Hand Weapons
 i - a +3 spear of flaming (weapon)
 j - a +2 halberd of flaming
 J - a +2 vorpal spear
 K - a +2 vampiric trident
Missiles
 m - 58 poisoned darts
 A - 5 datura-tipped darts
 B - 5 curare-tipped darts
Armour
 s - a +2 ring mail of fire resistance (worn)
 w - a +0 cloak (worn)
 L - a +0 pair of boots (worn)
 S - a +0 kite shield (worn)
Magical Staves
 t - a staff of earth
 v - a staff of air
Jewellery
 c - a ring of see invisible (left hand)
 k - an amulet of faith (around neck)
 r - a ring of protection from fire
 I - a +4 ring of evasion (right hand)
 W - a ring of ice
Wands
 e - a wand of iceblast (7) (quivered)
 p - a wand of polymorph (13)
 u - a wand of digging (3)
 N - a wand of acid (20)
 R - a wand of flame (29)
Scrolls
 a - a scroll of silence {unknown}
 h - a scroll of identify
 l - 4 scrolls of teleportation
 n - a scroll of blinking
 q - a scroll of amnesia
 y - 2 scrolls of vulnerability
 z - a scroll of fear {unknown}
 E - a scroll of brand weapon
 G - 2 scrolls of immolation {unknown}
 H - a scroll of enchant weapon {unknown}
 M - a scroll of enchant armour {unknown}
 T - a scroll of holy word {unknown}
 U - 2 scrolls of torment {unknown}
Potions
 b - a potion of cancellation {unknown}
 d - 2 potions of degeneration {unknown}
 f - 2 potions of berserk rage
 g - a potion of attraction {unknown}
 x - a potion of magic {unknown}
 C - 2 potions of flight {unknown}
 D - a potion of brilliance {unknown}
 F - 3 potions of curing {unknown}
 V - 2 potions of ambrosia
 X - 3 potions of mutation {unknown}
 Y - a potion of might {unknown}
 Z - a potion of lignification {unknown}
Miscellaneous
 o - a piece from Xom's chessboard (15/15)


   Skills:
 + Level 10.3 Fighting
 - Level 4.3(5.5) Short Blades
 - Level 5.9(6.7) Long Blades
 - Level 4.3(7.3) Axes
 * Level 9.2(9.7) Polearms
 - Level 0.3 Throwing
 + Level 7.4 Armour
 - Level 7.1 Dodging
 - Level 5.1 Stealth
 + Level 6.4 Shields
 + Level 7.6 Invocations


You had 9 spell levels left.
You knew the following spells:

 Your Spells              Type           Power      Damage    Failure   Level
a - Pain                  Necr           0%         1d4       91%         1

Your spell library contained the following spells:

 Spells                   Type           Power      Damage    Failure   Level
 Sting                    Tmut/Pois      0%         1d3       91%         1
 Corpse Rot               Necr/Air       0%         N/A       97%         2
 Poisonous Vapours        Pois/Air       0%         N/A       97%         2
 Sublimation of Blood     Necr           0%         N/A       97%         2
 Wereblood                Tmut           0%         N/A       97%         2
 Frozen Ramparts          Ice            0%         1d2       100%        3
 Ignite Poison            Fire/Tmut/Pois 0%         N/A       100%        3
 Mephitic Cloud           Conj/Pois/Air  0%         N/A       100%        3
 Ice Form                 Ice/Tmut       0%         N/A       100%        4
 Olgreb's Toxic Radiance  Pois           0%         N/A       100%        4
 Summon Ice Beast         Ice/Summ       0%         N/A       100%        4
 Agony                    Necr           0%         N/A       100%        5
 Excruciating Wounds      Necr           0%         N/A       100%        5
 Freezing Cloud           Conj/Ice/Air   0%         6-21      100%        5
 Summon Hydra             Summ           0%         N/A       100%        7


Dungeon Overview and Level Annotations

Branches:
Dungeon (9/15)             Temple (0/1) D:4            Lair (0/6) D:9
    Orc: D:9-12

Altars:
Ashenzari
Fedhas
Hepliaklqana
Makhleb
Ru
Sif Muna
Trog
Uskayaw
The Shining One

Shops:
D:4 ([:=*(


Innate Abilities, Weirdness & Mutations

You have a pair of horns on your head.
You reflexively headbutt those who attack you in melee.


Message History

You kill the orc!
Makhleb accepts your kill.
Your ufetubus hits the orc warrior but does no damage. x2
You block the orc warrior's attack.
Reach: i) +3 spear (flame)
Press: ? - help, Dir - move target, f - orc
Aim: an orc, wielding a +0 hand axe (ally target, about 29% to evade your +3 spear of flaming)
You reach to attack!
You puncture the orc! You burn the orc.
You kill the orc!
Makhleb accepts your kill.
You feel better.
The orc warrior closely misses your ufetubus.
Your ufetubus hits the orc warrior but does no damage. x2
The orc priest zaps a wand.
The bolt of acid hits your ufetubus!! The acid corrodes your ufetubus!
Your ufetubus dies!
Your ufetubus disappears in a puff of smoke!
The bolt of acid hits your ynoxinul!! The acid corrodes your ynoxinul!
Your ynoxinul dies!
Your ynoxinul disappears in a puff of smoke!
Your ufetubus disappears in a puff of smoke! x3
The bolt of acid hits you!
* * * LOW HITPOINT WARNING * * *
Unknown command.
A demon appears!
You block the orc warrior's attack.
There is an open door here.
You swap places.
Your orange demon stings the orc warrior but does no damage.
The orc warrior barely misses you.
The orc priest looks satisfied for a moment.
Reach: i) +3 spear (flame)
Press: ? - help, Dir - move target, f - orc warrior
Aim: an orc warrior, wielding a +0 halberd and wearing a +0 chain mail (moderately wounded, ally target, about 31% to evade your +3 spear of flaming)
You could not reach far enough!
Your orange demon completely misses the orc warrior.
Your orange demon hits the orc warrior.
The orc warrior hits you from afar with a +0 halberd.
* * * LOW HITPOINT WARNING * * *
The orc warrior hits you from afar with a +0 halberd!!
You die...

.h..o..o####### .oo..oo))......
#........ #).##..##
##################oo......
#..............o.)†####...
#.............oo§o.#.. .
#......#######4#####..#
#.####.#......@.......#
#.####.#...........(..#
#.[....####'#...>.#####
#...[.......#.....######### #
#.####....#.#.....##......#
#.####....#.'.............#
#...........#.....##..##..#
#......######.....##.[##..#####
#....[.'...##........)........#


You could see 2 orc warriors, an orc and a friendly orange demon (summoned).

Vanquished Creatures
  A hydra (D:8)
  A two-headed ogre (D:9)
  3 death yaks (D:9)
  A deep elf pyromancer (D:8)
  A cyclops (D:8)
  Joseph (D:9)
  Psyche (D:8)
  An efreet (D:8)
  A wraith (D:8)
  A wyvern (D:9)
  8 yaks
  Grum (D:8)
  A water moccasin (D:7)
  2 orc warriors
  3 sky beasts
  3 wolves (D:8)
  A phantom (D:4)
  3 scorpions
  A bullfrog (D:7)
  A water moccasin zombie (D:5)
  2 killer bees (D:8)
  3 wights
  3 howler monkeys
  A bullfrog zombie (D:6)
  2 centaur zombies
  4 hounds
  A jelly (D:6)
  7 orc priests
  7 orc wizards
  A gnoll (D:1)
  7 adders
  An ufetubus (D:4)
  An adder skeleton (D:5)
  2 dart slugs
  19 orcs
  7 endoplasms
  A giant cockroach (D:3)
  5 goblins
  4 hobgoblins
  4 jackals (D:2)
  3 quokkas (D:1)
  12 ball pythons
  3 bats
  A frilled lizard (D:1)
  10 kobolds
  6 rats
153 creatures vanquished.

Vanquished Creatures (collateral kills)
  A hydra (D:8)
  A centaur warrior (D:8)
  2 two-headed ogres
  3 yaks
  5 orc warriors
  A sky beast (D:4)
  An ogre (D:3)
  A wolf (D:8)
  2 kobold brigands
  3 gnoll sergeants
  A jelly (D:5)
  5 killer bees
  4 wights
  2 howler monkeys (D:9)
  2 orc priests (D:9)
  7 orc wizards
  10 gnolls
  15 orcs
  A hobgoblin (D:4)
  4 kobolds (D:9)
71 creatures vanquished.

Vanquished Creatures (others)
  An orc wizard (D:9)
1 creature vanquished.

Grand Total: 225 creatures vanquished

Notes
Turn   | Place    | Note
-------+----------+-------------------------------------------
     0 | D:1      | SalaconXD the Minotaur Monk began the quest for the Orb.
     0 | D:1      | Reached XP level 1. HP: 19/19 MP: 0/0
   178 | D:1      | Reached XP level 2. HP: 9/27 MP: 1/1
   711 | D:1      | Reached skill level 4 in Fighting
  1166 | D:1      | Found a faded altar of an unknown god.
  1174 | D:1      | Prayed at the altar of an unknown god.
  1174 | D:1      | Became a worshipper of Makhleb the Destroyer
  1174 | D:1      | Reached * piety under Makhleb
  1174 | D:1      | Reached ** piety under Makhleb
  1278 | D:1      | Reached XP level 3. HP: 29/33 MP: 2/2
  1395 | D:1      | Reached *** piety under Makhleb
  2004 | D:2      | Reached XP level 4. HP: 41/41 MP: 3/3
  2323 | D:3      | Reached skill level 1 in Short Blades
  2449 | D:3      | Noticed an ogre
  2628 | D:3      | Killed an ogre
  2629 | D:3      | Reached skill level 1 in Armour
  2629 | D:3      | Reached XP level 5. HP: 20/47 MP: 4/4
  3393 | D:4      | Reached XP level 6. HP: 48/55 MP: 5/5
  3464 | D:4      | Found Vuri's Armour Shoppe.
  3469 | D:4      | Found Famiplas's Jewellery Shoppe.
  3494 | D:4      | Noticed a sky beast
  3506 | D:4      | Reached skill level 5 in Fighting
  3506 | D:4      | Reached **** piety under Makhleb
  3511 | D:4      | Killed a sky beast
  3557 | D:4      | Found Cyckon's Weapon Boutique.
  3604 | D:4      | Bought 11 poisoned darts for 57 gold pieces
  3669 | D:4      | Reached skill level 1 in Invocations
  3669 | D:4      | Reached XP level 7. HP: 53/61 MP: 5/7
  3942 | D:4      | Found a glowing golden altar of the Shining One.
  3982 | D:4      | Reached skill level 1 in Long Blades
  3997 | D:4      | Found Tyf Qats's Assorted Antiques.
  4000 | D:4      | Bought a scroll labelled ZYEHUTE YDD for 17 gold pieces
  4174 | D:4      | Found Leiger's Weapon Shoppe.
  4183 | D:4      | Bought 5 datura-tipped darts for 20 gold pieces
  4183 | D:4      | Bought 5 curare-tipped darts for 30 gold pieces
  4185 | D:4      | Found a staircase to the Ecumenical Temple.
  4232 | D:4      | Found Gizuoss's Book Boutique.
  4441 | D:5      | Entered Level 5 of the Dungeon
  4443 | D:5      | Found a hazy altar of Hepliaklqana.
  4522 | D:5      | Noticed a +0 dagger
  4522 | D:5      | Noticed a +0 falchion
  4522 | D:5      | Noticed a +0 short sword
  4524 | D:5      | Noticed a +0 spear
  4524 | D:5      | Noticed a +0 dagger
  4524 | D:5      | Noticed a +0 falchion
  4525 | D:5      | Found a hide-covered altar of Uskayaw.
  4525 | D:5      | Noticed a +0 spear
  4526 | D:5      | Noticed a +0 short sword
  4949 | D:5      | Learned a level 1 spell: Pain
  5078 | D:5      | Reached skill level 5 in Dodging
  5104 | D:5      | Reached XP level 8. HP: 38/70 MP: 9/9
  5105 | D:5      | Reached skill level 6 in Fighting
  6317 | D:6      | Found a shimmering blue altar of Sif Muna.
  6539 | D:6      | Found a blossoming altar of Fedhas.
  6541 | D:6      | Found a sacrificial altar of Ru.
  6553 | D:6      | Found a broken altar of Ashenzari.
  7326 | D:7      | Reached skill level 7 in Fighting
  7344 | D:7      | Reached XP level 9. HP: 64/79 MP: 11/11
  7367 | D:7      | Reached skill level 5 in Long Blades
  7640 | D:7      | Reached skill level 5 in Invocations
  7804 | D:7      | Reached skill level 5 in Stealth
  7918 | D:7      | Reached skill level 8 in Fighting
  8570 | D:4      | Bought an amethyst potion for 15 gold pieces
  8570 | D:4      | Bought 2 emerald potions for 30 gold pieces
  8570 | D:4      | Bought 2 sapphire potions for 30 gold pieces
  8570 | D:4      | Bought a golden potion for 15 gold pieces
  8570 | D:4      | Bought a red potion for 15 gold pieces
  8570 | D:4      | Bought a pink potion for 15 gold pieces
  8570 | D:4      | Bought a viscous emerald potion for 15 gold pieces
  8769 | D:8      | Found a bloodstained altar of Trog.
  8854 | D:8      | Noticed Grum
  8855 | D:8      | Noticed a two-headed ogre
  8885 | D:8      | Killed Grum
  8886 | D:8      | Reached skill level 1 in Polearms
  8886 | D:8      | Reached skill level 1 in Shields
  9042 | D:8      | Killed a two-headed ogre
  9043 | D:8      | Reached XP level 10. HP: 52/90 MP: 13/13
  9240 | D:8      | HP: 4/90 [poisoned by a killer bee]
  9941 | D:8      | Noticed Psyche
  9955 | D:8      | Killed Psyche
 10138 | D:8      | Noticed a seven-headed hydra
 10143 | D:8      | Killed a seven-headed hydra
 10144 | D:8      | Reached skill level 5 in Polearms
 10144 | D:8      | Reached skill level 5 in Armour
 10149 | D:8      | Noticed a centaur warrior
 10153 | D:8      | Killed a centaur warrior
 10154 | D:8      | Reached skill level 9 in Fighting
 10162 | D:8      | Noticed a seven-headed hydra
 10170 | D:8      | Killed a seven-headed hydra
 10176 | D:8      | Noticed a skeletal warrior
 10222 | D:8      | Noticed a cyclops
 10807 | D:8      | Killed a cyclops
 10808 | D:8      | Reached XP level 11. HP: 97/97 MP: 15/15
 11342 | D:9      | Noticed a two-headed ogre
 11679 | D:9      | Reached skill level 5 in Shields
 11760 | D:9      | Noticed a death yak
 11792 | D:9      | Killed a death yak
 11993 | D:9      | Found a staircase to the Lair.
 11995 | D:9      | Noticed a death yak
 11997 | D:9      | Noticed a death yak
 12011 | D:9      | Killed a death yak
 12012 | D:9      | Noticed Joseph
 12038 | D:9      | Killed a death yak
 12765 | D:8      | Noticed a deep elf pyromancer
 12786 | D:8      | Killed a deep elf pyromancer
 13131 | D:9      | Killed a two-headed ogre
 13132 | D:9      | Reached skill level 10 in Fighting
 13606 | D:9      | Killed Joseph
 13825 | D:9      | Noticed a two-headed ogre
 13846 | D:9      | Killed a two-headed ogre
 13870 | D:9      | Mangled by an orc warrior

Illustrated notes

Levels and vault maps discovered:
D:1:      evilmike_arrival_crescent, layout_loops_ring,
          shapermc_ecumenical_altar_pompeii, dk_noncrumbling_3, st_stairs_5,
          minmay_fountain_box, lemuel_old_faithful
D:2:      layout_loops_cross
D:3:      layout_loops_cross, roderic_lattice_a, grunt_ministairs_14,
          minmay_misc_feat_enclosed
D:4:      layout_basic, kennysheep_mini_moat, minmay_temple_entry_overgrown,
          serial_shops, nicolae_shop_waterfront, nicolae_shop_behind_doors,
          nicolae_stop_n_shop_1, nicolae_shop_waterfront, nicolae_shop_trees,
          nicolae_take_the_stairs, guppyfry_early_orc_mine
D:5:      layout_basic, kennysheep_mini, nicolae_uskayaw_en_pointe,
          item_on_display_a
D:6:      layout_loops_ring, minmay_overflow_temple_star_quad, tgw_sif
D:7:      layout_loops_corners
D:8:      layout_loops_ring, mainiacjoe_overflow_six_doors_small,
          eino_small_chamber_without_monster, minmay_evil_grid, uniq_psyche,
          uniq_grum
D:9:      layout_stronghold, dpeg_lair_monsters, david_orc_4, uniq_joseph

Skill      XL: |  1  2  3  4  5  6  7  8  9 10 11 |
---------------+----------------------------------+-----
Fighting       | 4 5 7 8 9 10 | 10.3
Axes           | 4 |  4.3
Dodging        | 4 5 6 7 |  7.1
Short Blades   | 2 3 4 |  4.3
Stealth        | 2 3 4 5 |  5.1
Armour         | 1 2 3 4 6 7 |  7.4
Invocations    | 1 2 4 5 6 7 |  7.6
Long Blades    | 2 4 5 |  5.9
Polearms       | 3 6 9 |  9.2
Shields        | 2 4 6 |  6.4
Throwing       | |  0.3

Action                   |  1- 3 |  4- 6 |  7- 9 | 10-12 || total
-------------------------+-------+-------+-------+-------++-------
Melee: Hand axe          |    16 |       |       |       ||    16
       Headbutt          |     7 |     8 |    40 |    69 ||   124
       Short sword       |    41 |    69 |       |       ||   110
       Falchion          |       |     2 |   151 |       ||   153
       Spear             |       |       |    25 |   290 ||   315
       Trident           |       |       |       |     4 ||     4
Throw: Boomerang         |       |     2 |       |       ||     2
       Dart              |       |       |     6 |       ||     6
Invok: Lesser Servant of |       |     4 |    17 |    27 ||    48
       Minor Destruction |       |       |     1 |       ||     1
Evoke: Wand              |       |       |       |     3 ||     3
  Use: Scroll            |     1 |       |     6 |     4 ||    11
       Potion            |       |       |       |     6 ||     6
 Stab: Distracted        |       |       |     1 |     5 ||     6
       Sleeping          |       |       |     1 |     4 ||     5
Armor: Robe              |     3 |       |       |       ||     3
       Ring mail         |    16 |    13 |    53 |    36 ||   118
Dodge: Dodged            |    46 |    41 |   124 |   109 ||   320
Block: Kite shield       |       |       |    16 |   111 ||   127

Table legend: (Time is in decaauts)
 A = Elapsed time spent in this place.
 B = Non-inter-level travel time spent in this place.
 C = Inter-level travel time spent in this place.
 D = Time resting spent in this place.
 E = Time spent auto-exploring this place.
 F = Levels seen in this place.
 G = Mean time per level.
                   A        B        C        D        E       F      G
               +--------+--------+--------+--------+--------+-----+--------+
         Total |  13856 |  12445 |   1411 |   3681 |   4626 |   9 | 1539.6 |
       Dungeon |  13856 |  12445 |   1411 |   3681 |   4626 |   9 | 1539.6 |
               +--------+--------+--------+--------+--------+-----+--------+

Top non-repeatable levels by time:
     D:8: 2284 daAuts
     D:7: 2250 daAuts
     D:9: 1731 daAuts
     D:1: 1672 daAuts
     D:5: 1552 daAuts
     D:6: 1529 daAuts
     D:3: 1127 daAuts
     D:4: 1125 daAuts
     D:2: 584 daAuts
